 Dungeon Crawl Stone Soup version 0.31-a0-997-g9a2f3ffc92 (webtiles) character file.

Game seed: 7249057758020638132

4101 Mgcat the Grappler (level 10, -4/98 HPs)
             Began as a Troll Brigand on Oct 31, 2023.
             Was a Priest of Okawaru.
             Killed from afar by an orc wizard (8 damage)
             ... with a magic dart
             ... on level 9 of the Dungeon on Nov 7, 2023.
             The game lasted 00:19:06 (7085 turns).

Mgcat the Grappler (Troll Brigand)                  Turns: 7085, Time: 00:19:06

Health: -4/98      AC:  5    Str: 31    XL:     10   Next: 6%
Magic:  9/9        EV: 11    Int:  7    God:    Okawaru [***...]
Gold:   226        SH:  0    Dex: 11    Spells: 9/9 levels left

rFire   . .          .
                       - Unarmed
rCold   . . .        (no shield)
rNeg    . . .        b - +0 robe
rPois   +            (helmet restricted)
rElec   .            c - +0 cloak
rCorr   .            (gloves unavailable)
SInv    .            (boots unavailable)
Will    .....        (no amulet)
Stlth   ++           p - +6 ring of strength
HPRegen 1.16/turn    x - ring of poison resistance {rPois, !d}
MPRegen 0.11/turn

%: no passive effects
@: lethally poisoned (-4 -> -11), slowed, very slow
A: large, unfitting armour, claws 3, regeneration 1, shaggy fur 1, tough skin 1
a: Renounce Religion, Heroism


You were on level 9 of the Dungeon.
You worshipped Okawaru.
Okawaru was most pleased with you.
You visited 2 branches of the dungeon, and saw 10 of its levels.

You collected 453 gold pieces.
You spent 227 gold pieces at shops.

Inventory:

Missiles
 d - 33 poisoned darts (quivered)
 e - 2 curare-tipped darts
 u - 5 atropa-tipped darts
Armour
 b - a +0 robe (worn)
 c - a +0 cloak (worn)
 G - a +0 buckler of protection
   (You found it on level 9 of the Dungeon)
Magical Staves
 s - a staff of poison {rPois}
   (You found it on level 4 of the Dungeon)
Jewellery
 p - a +6 ring of strength (left claw)
   (You found it on level 2 of the Dungeon)
 x - a ring of poison resistance (right claw) {rPois, !d}
   (You found it on level 3 of the Dungeon)
Wands
 w - a wand of light (12)
   (You found it on level 3 of the Dungeon)
 z - a wand of flame (7)
   (You found it on level 5 of the Dungeon)
Scrolls
 g - 3 scrolls of teleportation
 h - 4 scrolls of amnesia
 k - 2 scrolls of fear {unknown}
 l - a scroll of blinking {unknown}
 m - a scroll of torment {unknown}
 n - 5 scrolls of revelation {unknown}
 q - 2 scrolls of enchant armour {unknown}
 r - a scroll of acquirement {unknown}
 t - 2 scrolls of poison {unknown}
 v - 2 scrolls of enchant weapon {unknown}
 y - 3 scrolls of noise {unknown}
 A - 2 scrolls of immolation {unknown}
 E - a scroll of vulnerability {unknown}
 F - a scroll of identify
Potions
 a - 4 potions of curing
 f - 4 potions of heal wounds
 i - 2 potions of mutation {!q}
 j - a potion of lignification {!q}
 o - 3 potions of magic {unknown}
 B - a potion of might
 C - 2 potions of degeneration {!q}
 D - a potion of enlightenment {unknown}


   Skills:
 + Level 5.6 Fighting
 - Level 1.5 Short Blades
 + Level 6.1 Throwing
 + Level 5.4 Dodging
 - Level 2.1 Stealth
 * Level 9.1 Unarmed Combat


You had 9 spell levels left.
You didn't know any spells.
Your spell library contained the following spells:

 Spells                   Type           Power      Damage    Failure   Level
 Blink                    Tloc           0%         N/A       56%         2
 Ensorcelled Hibernation  Hex/Ice        0%         N/A       56%         2
 Jinxbite                 Hex            0%         N/A       56%         2
 Lesser Beckoning         Tloc           0%         N/A       56%         2
 Momentum Strike          Conj/Tloc      0%         3d8       56%         2
 Anguish                  Hex/Necr       0%         N/A       99%         4
 Summon Small Mammal      Summ           Unusable   N/A       N/A         1
 Call Canine Familiar     Summ           Unusable   N/A       N/A         3
 Summon Guardian Golem    Hex/Summ       Unusable   N/A       N/A         3

Dungeon Overview and Level Annotations

Branches:
Dungeon (9/15)             Temple (1/1) D:4            Lair (0/5) D:8
    Orc: D:9-12

Altars:
Ashenzari
Cheibriados
Dithmenos
Elyvilon
Fedhas
Gozag
Hepliaklqana
Kikubaaqudgha
Makhleb
Nemelex Xobeh
Okawaru
Qazlal
Ru
Sif Muna
Trog
Uskayaw
Vehumet
Wu Jian
Xom
Yredelemnul
Zin
The Shining One

Shops:
D:3 !   D:5 (   D:6 !

Annotations:
D:9 3 runed translucent doors


Innate Abilities, Weirdness & Mutations

You are too large for most types of armour.
You have claws for hands.
Your natural rate of healing is unusually fast.
You are covered in fur. (AC +1)
You have tough skin. (AC +1)


Message History

The polar bear growls angrily. x2
You scratch the centaur.
The centaur is almost dead.
You hear a bleat!
You hear an angry growl.
The centaur hits you but does no damage.
The centaur closely misses you.
Danger x6: centaur, wyvern, death yak x2, wolf, yak!
You claw the centaur!
You kill the centaur!
Okawaru accepts your kill.
Health restored: 98 Danger x4: wyvern, death yak x2, yak!
No reachable target in view!
The dream sheep bleats!
The hog squeals angrily.
You see here a +0 orcbow.
You open the door.
There is an open door here.
An orc wizard comes into view. It is wielding a +0 dagger.
Unknown command.
The orc wizard mumbles some strange words.
The orc wizard flickers and vanishes!
Deactivating autopickup; reactivate with Ctrl-A.
No target in view!
No target in view!
Unknown command.
An orc priest comes into view. It is wielding a +0 hand axe.
An orc comes into view. It is wielding a +4 hand axe.
Spoiler Alert: The orc priest (wandering) can smite you!
Lua error: [string "/dgldir/rcfiles/crawl-git/Mgcat.rc"]:930: invalid capture index 2 orcs come into view.
The orc priest shouts!
The orc shouts!
Something hits you but does no damage.
The orc shouts! x2
Spoiler Alert: The orc priest can smite you!
You scratch something. Something hits you. The orc closely misses you.
You take 1 damage, and have 97/98 hp.
You miss something. The orc hits you with a +4 hand axe.
You take 5 damage, and have 92/98 hp.
You scratch the orc.
The orc is almost dead.
A hornet comes into view.
Spoiler Alert: The orc priest can smite you!
You closely miss the orc.
The orc is almost dead.
Something hits you but does no damage. The orc hits you with a +0 hand axe.
The orc hits you with a +4 hand axe.
You take 2 damage, and have 91/98 hp.
You claw the orc!
You kill the orc!
Okawaru accepts your kill. Something hits you but does no damage.
The orc hits you with a +4 hand axe.
You take 5 damage, and have 86/98 hp.
Spoiler Alert: The orc priest can smite you!
You barely miss the orc. Something hits you. The orc closely misses you.
The orc misses you.
You take 2 damage, and have 84/98 hp.
You mangle the orc!!
You kill the orc!
Okawaru accepts your kill. Something hits you. The orc barely misses you.
You take 2 damage, and have 82/98 hp.
Spoiler Alert: The orc priest can smite you!
You scratch the hornet. You claw the hornet.
The hornet is lightly wounded.
The hornet completely misses you.
You scratch the hornet but do no damage.
You claw the hornet.
The hornet is moderately wounded.
The hornet stings you!
You feel yourself slow down. Something hits you but does no damage.
The orc barely misses you. The hornet stings you!
You suddenly lose the ability to move!
The orc hits you with a +4 hand axe. The hornet stings you!
You feel as though you will be slow longer.
Something hits you but does no damage.
The hornet stings you but does no damage.
Something completely misses you. The orc hits you with a +4 hand axe.
The hornet stings you.
You are poisoned.
You feel as though you will be slow longer.
You feel very sick. The hornet stings you.
* * * LOW HITPOINT WARNING * * *
Something hits you.
* * * LOW HITPOINT WARNING * * *
The orc hits you with a +4 hand axe.
* * * LOW HITPOINT WARNING * * *
You can move again.
You barely miss the orc.
You feel sick. The hornet closely misses you. Something hits you.
* * * LOW HITPOINT WARNING * * *
The orc barely misses you. The hornet stings you.
* * * LOW HITPOINT WARNING * * *
You are lethally poisoned!
You feel as though you will be slow longer.
The orc misses you.
You hear some strange, mumbled words.
A magic dart appears from out of thin air!
The magic dart hits you!
You die...

...........#........
...........#........
...........#........ .
#####'####........
..###+#.................
........#########.......
........# #.......
........# #.######
......{@# #.# hY
......oy# #.#


hhY ##.....o. ..# YYl #........ ..# .hh #......... ...# ...Y #.......... ...#
#..########. ....# #.. .. You could see a hornet, an orc priest and an orc.

Vanquished Creatures
  A troll (D:8)
  Grum (D:8)
  3 wargs (D:8)
  2 water moccasins (D:7)
  Duvessa (D:4)
  An orc warrior (D:8)
  3 ice beasts
  2 black bears (D:7)
  2 sky beasts
  An ogre (D:5)
  2 centaurs
  3 wolves (D:8)
  A phantom (D:4)
  A kobold brigand (D:8)
  2 scorpions
  3 bullfrogs
  6 wights
  Dowan (D:4)
  4 hounds
  3 orc priests
  2 jellies
  A gnoll bouda (D:8)
  3 sleepcaps
  3 iguanas
  10 orc wizards
  11 gnolls
  7 adders
  2 shadow imps (D:8)
  3 white imps
  A worm (D:3)
  2 dart slugs
  17 orcs
  7 endoplasms
  4 giant cockroaches
  11 goblins
  11 hobgoblins
  4 jackals (D:3)
  7 quokkas
  8 ball pythons
  9 bats
  4 frilled lizards
  A goblin skeleton (D:5)
  2 hobgoblin zombies (D:5)
  15 kobolds
  A kobold skeleton (D:5)
  2 kobold zombies (D:5)
  An orc skeleton (D:5)
  An orc zombie (D:5)
  6 rats
199 creatures vanquished.

Vanquished Creatures (others)
  An orc wizard (D:6)
1 creature vanquished.

Grand Total: 200 creatures vanquished

Notes
Turn   | Place    | Note
-------+----------+-------------------------------------------
     0 | D:1      | Mgcat the Troll Brigand began the quest for the Orb.
     0 | D:1      | Reached XP level 1. HP: 19/19 MP: 0/0
    79 | D:1      | Reached skill level 1 in Dodging
   137 | D:1      | Reached XP level 2. HP: 28/28 MP: 1/1
   161 | D:1      | Reached skill level 1 in Unarmed Combat
   440 | D:2      | Found a faded altar of an unknown god.
   446 | D:2      | Reached skill level 2 in Throwing
   656 | D:2      | Reached XP level 3. HP: 35/35 MP: 2/2
   713 | D:2      | Reached skill level 2 in Fighting
   796 | D:2      | Reached skill level 2 in Unarmed Combat
   883 | D:2      | Reached XP level 4. HP: 27/42 MP: 3/3
  1287 | D:3      | Reached XP level 5. HP: 50/50 MP: 4/4
  1383 | D:3      | Found Iruma's Distillery.
  1404 | D:3      | Bought 2 potions of curing for 84 gold pieces
  1459 | D:3      | Reached skill level 2 in Dodging
  1463 | D:3      | Reached skill level 3 in Unarmed Combat
  1862 | D:4      | Noticed Duvessa
  1863 | D:4      | Noticed Dowan
  1883 | D:4      | Killed Duvessa
  1884 | D:4      | Reached skill level 3 in Throwing
  1884 | D:4      | Reached XP level 6. HP: 36/59 MP: 5/5
  1889 | D:4      | Killed Dowan
  1890 | D:4      | Reached skill level 4 in Unarmed Combat
  1963 | D:4      | Reached skill level 3 in Fighting
  2045 | D:4      | Found a hazy altar of Hepliaklqana.
  2047 | D:4      | Reached XP level 7. HP: 62/67 MP: 6/6
  2098 | D:4      | Found a staircase to the Ecumenical Temple.
  2138 | Temple   | Entered the Ecumenical Temple
  2153 | Temple   | Became a worshipper of Warmaster Okawaru
  2390 | D:5      | Entered Level 5 of the Dungeon
  2491 | D:5      | Found Giylawk's Antique Weapon Boutique.
  2690 | D:5      | Found a glowing golden altar of the Shining One.
  2790 | D:5      | Reached skill level 3 in Dodging
  2970 | D:5      | Reached skill level 5 in Unarmed Combat
  3585 | D:7      | Reached skill level 4 in Throwing
  3820 | D:6      | Reached XP level 8. HP: 78/78 MP: 7/7
  3961 | D:6      | Found Voulurey's Distillery.
  3968 | D:6      | Bought 2 potions of heal wounds for 130 gold pieces
  3970 | D:6      | Bought a potion of degeneration for 13 gold pieces
  4150 | D:6      | Reached * piety under Okawaru
  4165 | D:6      | Reached skill level 6 in Unarmed Combat
  4809 | D:7      | Reached skill level 4 in Fighting
  5005 | D:7      | Reached skill level 4 in Dodging
  5203 | D:7      | Found a bloodstained altar of Trog.
  5210 | D:7      | Reached skill level 7 in Unarmed Combat
  5217 | D:7      | Reached ** piety under Okawaru
  5218 | D:7      | Reached skill level 5 in Throwing
  5218 | D:7      | Reached XP level 9. HP: 76/84 MP: 8/8
  5949 | D:7      | Upgraded the game from 0.31-a0-981-geadf994542 to
                  | 0.31-a0-997-g9a2f3ffc92
  6214 | D:8      | Reached skill level 5 in Fighting
  6214 | D:8      | Reached skill level 8 in Unarmed Combat
  6392 | D:8      | Noticed a troll
  6403 | D:8      | Killed a troll
  6653 | D:8      | Reached skill level 5 in Dodging
  6735 | D:8      | Found a staircase to the Lair.
  6735 | D:8      | Noticed Grum
  6762 | D:8      | Killed Grum
  6769 | D:8      | Reached *** piety under Okawaru
  6770 | D:8      | Reached skill level 6 in Throwing
  6784 | D:8      | Reached skill level 9 in Unarmed Combat
  6787 | D:8      | Reached XP level 10. HP: 46/97 MP: 9/9
  7037 | D:9      | Found a runed translucent gate.
  7038 | D:9      | Found a runed translucent gate.
  7038 | D:9      | Found a runed translucent gate.
  7038 | D:9      | Noticed a death yak
  7038 | D:9      | Noticed a death yak
  7042 | D:9      | Noticed a manticore
  7081 | D:9      | Paralysed by a hornet for 3 turns
  7084 | D:9      | HP: 23/98 [hornet (6)]
  7085 | D:9      | HP: 10/98 [something (3)]
  7085 | D:9      | HP: 4/98 [hornet (6)]
  7085 | D:9      | Killed from afar by an orc wizard

Illustrated notes

Levels and vault maps discovered:
D:1:      tarquinn_simple_flora_water_f, layout_rooms
D:2:      layout_rooms, hellmonk_ecumenical_altar_pennies_from_heaven,
          minmay_joined_circles
D:3:      layout_basic, serial_shops, shop
D:4:      layout_cave_pools, amcnicky_altar_gilded,
          minmay_temple_entry_overgrown, uniq_duvessa
D:5:      layout_basic, nicolae_tso_besieged_by_evil, serial_shops,
          nicolae_shop_tiny_glass
D:6:      layout_layer_cave, serial_shops, shop
D:7:      layout_layer_cave, trog_ov_bears_minmay, enter_bailey_5
D:8:      layout_loops_cross, erik_lair_orcish_takeover, serial_demonic,
          serial_demonic_f, serial_demonic_b, serial_demonic_d,
          serial_demonic_g, minmay_misc_feat_rugged,
          nicolae_kite_square_tiling_tiny, uniq_grum
D:9:      lemuel_bear_cage, layout_irregular_city
Temple:   hellmonk_temple_of_storms

Skill      XL: |  1  2  3  4  5  6  7  8  9 |
---------------+----------------------------+-----
Dodging        | 1 2 3 4 5 |  5.4
Unarmed Combat | 1 2 3 4 5 7 9 |  9.1
Throwing       | 2 3 4 5 6 |  6.1
Fighting       | 2 3 4 5 |  5.6
Short Blades   | |  1.5
Stealth        | |  2.1

Action                     |  1- 3 |  4- 6 |  7- 9 | 10-12 || total
---------------------------+-------+-------+-------+-------++-------
  Melee: Unarmed           |   109 |   109 |   295 |    40 ||   553
         Punch             |       |     3 |     5 |     2 ||    10
  Throw: Dart              |     2 |    40 |    39 |       ||    81
 Invoke: Heroism           |       |       |     1 |       ||     1
  Evoke: Wand              |       |       |     2 |       ||     2
    Use: Scroll            |       |       |     5 |       ||     5
   Stab: Sleeping          |     3 |       |     1 |       ||     4
         Distracted        |       |       |     1 |       ||     1
         Invisible         |       |       |     1 |       ||     1
 Armour: Robe              |    74 |    69 |   220 |    52 ||   415
  Dodge: Dodged            |    38 |    42 |   116 |    43 ||   239

Table legend: (Time is in decaauts)
 A = Elapsed time spent in this place.
 B = Non-inter-level travel time spent in this place.
 C = Inter-level travel time spent in this place.
 D = Time resting spent in this place.
 E = Time spent auto-exploring this place.
 F = Levels seen in this place.
 G = Mean time per level.
                   A        B        C        D        E       F      G
               +--------+--------+--------+--------+--------+-----+--------+
         Total |   7015 |   6761 |    254 |    100 |   5373 |  10 |  701.5 |
       Dungeon |   6985 |   6759 |    226 |    100 |   5373 |   9 |  776.1 |
        Temple |     30 |      2 |     28 |      0 |      0 |   1 |   30.0 |
               +--------+--------+--------+--------+--------+-----+--------+

Top non-repeatable levels by time:
     D:7: 1321 daAuts
     D:6: 1191 daAuts
     D:8: 1025 daAuts
     D:5: 1024 daAuts
     D:2: 723 daAuts
     D:4: 621 daAuts
     D:3: 522 daAuts
     D:1: 474 daAuts
     D:9: 80 daAuts
  Temple: 30 daAuts

Levels and vault maps discovered:
D:1:      tarquinn_simple_flora_water_f, layout_rooms
D:2:      layout_rooms, hellmonk_ecumenical_altar_pennies_from_heaven,
          minmay_joined_circles
D:3:      layout_basic, serial_shops, shop
D:4:      layout_cave_pools, amcnicky_altar_gilded,
          minmay_temple_entry_overgrown, uniq_duvessa
D:5:      layout_basic, nicolae_tso_besieged_by_evil, serial_shops,
          nicolae_shop_tiny_glass
D:6:      layout_layer_cave, serial_shops, shop
D:7:      layout_layer_cave, trog_ov_bears_minmay, enter_bailey_5
D:8:      layout_loops_cross, erik_lair_orcish_takeover, serial_demonic,
          serial_demonic_f, serial_demonic_b, serial_demonic_d,
          serial_demonic_g, minmay_misc_feat_rugged,
          nicolae_kite_square_tiling_tiny, uniq_grum
D:9:      lemuel_bear_cage, layout_irregular_city
Temple:   hellmonk_temple_of_storms

Table legend: (Time is in decaauts)
 A = Elapsed time spent in this place.
 B = Non-inter-level travel time spent in this place.
 C = Inter-level travel time spent in this place.
 D = Time resting spent in this place.
 E = Time spent auto-exploring this place.
 F = Levels seen in this place.
 G = Mean time per level.
                   A        B        C        D        E       F      G
               +--------+--------+--------+--------+--------+-----+--------+
         Total |   7015 |   6761 |    254 |    100 |   5373 |  10 |  701.5 |
       Dungeon |   6985 |   6759 |    226 |    100 |   5373 |   9 |  776.1 |
        Temple |     30 |      2 |     28 |      0 |      0 |   1 |   30.0 |
               +--------+--------+--------+--------+--------+-----+--------+

Top non-repeatable levels by time:
     D:7: 1321 daAuts
     D:6: 1191 daAuts
     D:8: 1025 daAuts
     D:5: 1024 daAuts
     D:2: 723 daAuts
     D:4: 621 daAuts
     D:3: 522 daAuts
     D:1: 474 daAuts
     D:9: 80 daAuts
  Temple: 30 daAuts

Table legend:
 A = Kills in this place as a percentage of kills in the entire game.
 B = Kills by you in this place as a percentage of kills by you in the entire game.
 C = Kills by friends in this place as a percentage of kills by friends in the entire game.
 D = Other kills in this place as a percentage of other kills in the entire game.
 E = Experience gained in this place as a percentage of experience gained in the entire game.
 F = Experience gained in this place divided by the number of levels of this place that you have seen.
                   A       B       C       D       E      F
               +-------+-------+-------+-------+-------+----------------------
         Total | 100.0 | 100.0 |   N/A | 100.0 | 100.0 | 585.9
       Dungeon | 100.0 | 100.0 |   N/A | 100.0 | 100.0 | 651.0
               +-------+-------+-------+-------+-------+----------------------
